AAA
COLORADO SPRINGS SKY SOX @ NEW ORLEANS BABY CAKES
05/13/2024
 
TOP OF THE 1ST
Colorado Springs Sky Sox batting - Pitching for New Orleans Baby Cakes : RHP Justin Dunn
Pitching: RHP Justin Dunn
Batting: SHB Roman Quinn 0-0: Called Strike
0-1: Foul Ball, location: 2F
0-2: Ball
1-2: Ground out 6-3 (Groundball, 6, EV 80.6 MPH)
Batting: LHB Esteban Quiroz 0-0: Foul Ball, location: 2F
0-1: Foul Ball, location: 5F
0-2: Foul Ball, location: 2F
0-2: Fly out, F8 (Flyball, 8RXD, EV 103.1 MPH)
Batting: RHB Andrew Vaughn 0-0: Called Strike
0-1: Ground out 6-3 (Groundball, 6S, EV 66.9 MPH)
Top of the 1st over - 0 runs, 0 hits, 0 errors, 0 left on base; Colorado Springs 0 - New Orleans 0
BOTTOM OF THE 1ST
New Orleans Baby Cakes batting - Pitching for Colorado Springs Sky Sox : LHP Hyun-jin Ryu
Pitching: LHP Hyun-jin Ryu
Batting: RHB Jorge Mateo 0-0: Ball
1-0: SINGLE (Line Drive, 7LS, EV 88.8 MPH)
Batting: LHB Brady Whalen 0-0: Foul Ball, location: 2F
0-1: Swinging Strike
0-2: Fly out, F4 (Popup, 4, EV 74.4 MPH)
Batting: RHB Josh Donaldson 0-0: Ball
1-0: Ball
2-0: Called Strike
2-1: Foul Ball, location: 2F
2-2: Ball
3-2: Strikes out looking
Jorge Mateo steals 2nd base (no throw)
Batter strikes out.
Batting: LHB Alexander Ovalles 0-0: Ball
1-0: Ball
2-0: Foul Ball, location: 7LDF
2-1: Fly out, F7 (Flyball, 7LS, EV 94.4 MPH)
Bottom of the 1st over - 0 runs, 1 hit, 0 errors, 1 left on base; Colorado Springs 0 - New Orleans 0
TOP OF THE 2ND
Colorado Springs Sky Sox batting - Pitching for New Orleans Baby Cakes : RHP Justin Dunn
Batting: RHB Tyrone Taylor 0-0: Foul Ball, location: 9LMF
0-1: Fly out, F2 (Popup, 3SF, EV 77.5 MPH)
Batting: LHB Austin Allen 0-0: Called Strike
0-1: Foul Ball, location: 3F
0-2: Ball
1-2: Strikes out swinging
Batting: RHB Sandro Fabian 0-0: Fly out, F9 (Flyball, 89M, EV 90.0 MPH)
Top of the 2nd over - 0 runs, 0 hits, 0 errors, 0 left on base; Colorado Springs 0 - New Orleans 0
BOTTOM OF THE 2ND
New Orleans Baby Cakes batting - Pitching for Colorado Springs Sky Sox : LHP Hyun-jin Ryu
Batting: RHB Nick Fortes 0-0: Fly out, F9 (Flyball, 9D, EV 105.6 MPH)
Batting: LHB Harold Castro 0-0: Ball
1-0: Ground out U3 (Groundball, 3S, EV 78.8 MPH)
Batting: RHB Delvin Perez 0-0: Swinging Strike
0-1: Called Strike
0-2: Ball
1-2: Fly out, F9 (Flyball, 9D, EV 93.8 MPH)
Bottom of the 2nd over - 0 runs, 0 hits, 0 errors, 0 left on base; Colorado Springs 0 - New Orleans 0
TOP OF THE 3RD
Colorado Springs Sky Sox batting - Pitching for New Orleans Baby Cakes : RHP Justin Dunn
Batting: SHB Riley Unroe 0-0: Fly out, F3 (Popup, 23F, EV 84.4 MPH)
Batting: RHB Austin Nola 0-0: Called Strike
0-1: Foul Ball, location: 2F
0-2: Strikes out swinging
Batting: RHB Jakson Reetz 0-0: Ball
1-0: Swinging Strike
1-1: Ball
2-1: Ball
3-1: Ground out 6-3 (Groundball, 56D, EV 108.8 MPH)
Top of the 3rd over - 0 runs, 0 hits, 0 errors, 0 left on base; Colorado Springs 0 - New Orleans 0
BOTTOM OF THE 3RD
New Orleans Baby Cakes batting - Pitching for Colorado Springs Sky Sox : LHP Hyun-jin Ryu
Batting: LHB Mike Moustakas 0-0: Reached on error, E4 (Groundball, 4, EV 98.8 MPH)
Batting: RHB Clint Frazier 0-0: Bunt - Flyout to 2R! F2
Batting: RHB Jorge Mateo 0-0: SINGLE (Groundball, 6MS, EV 65.6 MPH) (infield hit)
Mike Moustakas to second
Batting: LHB Brady Whalen 0-0: Ball
1-0: Ball
2-0: Foul Ball, location: 2LF
2-1: Fly out, F7 (Line Drive, 7, EV 97.5 MPH)
Batting: RHB Josh Donaldson 0-0: Ball
1-0: Foul Ball, location: 7LSFF
1-1: Ball
2-1: Foul Ball, location: 2F
2-2: Ball
3-2: Fly out, F7 (Line Drive, 78S, EV 90.6 MPH)
Bottom of the 3rd over - 0 runs, 1 hit, 1 error, 2 left on base; Colorado Springs 0 - New Orleans 0
TOP OF THE 4TH
Colorado Springs Sky Sox batting - Pitching for New Orleans Baby Cakes : RHP Justin Dunn
Batting: SHB Roman Quinn 0-0: Ball
1-0: Ground out 6-3 (Groundball, 6, EV 106.3 MPH)
Batting: LHB Esteban Quiroz 0-0: Ball
1-0: Ball
2-0: Foul Ball, location: 5DF
2-1: Foul Ball, location: 7LDF
2-2: Foul Ball, location: 7LMF
2-2: Ball
3-2: Ground out 4-3 (Groundball, 13, EV 80.6 MPH)
Batting: RHB Andrew Vaughn 0-0: Ball
1-0: Swinging Strike
1-1: SINGLE (Groundball, 6D, EV 108.1 MPH)
Batting: RHB Tyrone Taylor 0-0: Swinging Strike
0-1: Ball
1-1: Ball
2-1: Foul Ball, location: 7LSF
2-2: Fly out, F9 (Flyball, 9LS, EV 82.5 MPH)
Top of the 4th over - 0 runs, 1 hit, 0 errors, 1 left on base; Colorado Springs 0 - New Orleans 0
BOTTOM OF THE 4TH
New Orleans Baby Cakes batting - Pitching for Colorado Springs Sky Sox : LHP Hyun-jin Ryu
Batting: LHB Alexander Ovalles 0-0: SINGLE (Line Drive, 7S, EV 98.8 MPH)
Batting: RHB Nick Fortes 0-0: Ball
1-0: Ball
2-0: Bunted foul
2-1: Sac Bunt to 13S - play at second, runner OUT! 1-6
Batting: LHB Harold Castro 0-0: Grounds into double play, 4-6-3 (Groundball, 4, EV 82.5 MPH)
Bottom of the 4th over - 0 runs, 1 hit, 0 errors, 0 left on base; Colorado Springs 0 - New Orleans 0
TOP OF THE 5TH
Colorado Springs Sky Sox batting - Pitching for New Orleans Baby Cakes : RHP Justin Dunn
Batting: LHB Austin Allen 0-0: Swinging Strike
0-1: Ball
1-1: Ball
2-1: Ground out 4-3 (Groundball, 4, EV 86.3 MPH)
Batting: RHB Sandro Fabian 0-0: Called Strike
0-1: Foul Ball, location: 5F
0-2: Strikes out looking
Batting: SHB Riley Unroe 0-0: Fly out, F9 (Flyball, 9D, EV 88.8 MPH)
Top of the 5th over - 0 runs, 0 hits, 0 errors, 0 left on base; Colorado Springs 0 - New Orleans 0
BOTTOM OF THE 5TH
New Orleans Baby Cakes batting - Pitching for Colorado Springs Sky Sox : LHP Hyun-jin Ryu
Batting: RHB Delvin Perez 0-0: SINGLE (Groundball, 4MD, EV 83.1 MPH) (infield hit)
Batting: LHB Mike Moustakas 0-0: Ball
1-0: Foul Ball, location: 3FF
1-1: Ball
2-1: Bunt missed!
2-2: Foul Ball, location: 7LMF
2-2: Ball
3-2: Foul Ball, location: 3DF
3-2: Grounds into double play, 4-6-3 (Groundball, 4, EV 105.6 MPH)
Batting: RHB Clint Frazier 0-0: Ball
1-0: Ground out 4-3 (Groundball, 4M, EV 83.8 MPH)
Bottom of the 5th over - 0 runs, 1 hit, 0 errors, 0 left on base; Colorado Springs 0 - New Orleans 0
TOP OF THE 6TH
Colorado Springs Sky Sox batting - Pitching for New Orleans Baby Cakes : RHP Justin Dunn
Batting: RHB Austin Nola 0-0: Swinging Strike
0-1: Ball
1-1: Foul Ball, location: 2F
1-2: Ground out 4-3 (Groundball, 4S, EV 69.4 MPH)
Batting: RHB Jakson Reetz 0-0: Called Strike
0-1: Swinging Strike
0-2: Foul Ball, location: 9LMF
0-2: Ball
1-2: Strikes out swinging
Batting: SHB Roman Quinn 0-0: Ball
1-0: Swinging Strike
1-1: Ball
2-1: Ball
3-1: Swinging Strike
3-2: Strikes out swinging
Top of the 6th over - 0 runs, 0 hits, 0 errors, 0 left on base; Colorado Springs 0 - New Orleans 0
BOTTOM OF THE 6TH
New Orleans Baby Cakes batting - Pitching for Colorado Springs Sky Sox : LHP Hyun-jin Ryu
Batting: RHB Jorge Mateo 0-0: Called Strike
0-1: Swinging Strike
0-2: Ball
1-2: Fly out, F9 (Flyball, 9, EV 81.3 MPH)
Batting: LHB Brady Whalen 0-0: Ball
1-0: Swinging Strike
1-1: SINGLE (Groundball, 4MD, EV 96.3 MPH)
Batting: RHB Josh Donaldson 0-0: Ball
1-0: Called Strike
1-1: Foul Ball, location: 2F
1-2: Foul Ball, location: 2F
1-2: SINGLE (Groundball, 56D, EV 95.0 MPH)
Brady Whalen to second
Batting: LHB Alexander Ovalles 0-0: Fielders Choice at 2nd, 6-4 (Groundball, 6, EV 83.1 MPH)
Brady Whalen to third
Batting: RHB Nick Fortes 0-0: Called Strike
0-1: Ball
1-1: Ball
2-1: Swinging Strike
2-2: Ball
3-2: SINGLE (Line Drive, 6D, EV 109.4 MPH)
Brady Whalen scores
Alexander Ovalles to second
Alexander Ovalles to third
Batting: LHB Harold Castro 0-0: Ball
1-0: Called Strike
1-1: SINGLE (Groundball, 6S, EV 72.5 MPH) (infield hit)
Alexander Ovalles scores
Nick Fortes to second
Batting: RHB Delvin Perez 0-0: Ball
1-0: Ball
2-0: Ball
3-0: Called Strike
3-1: Foul Ball, location: 23F
3-2: Fielders Choice at 3rd, U5 (Groundball, 5L, EV 86.3 MPH)
Bottom of the 6th over - 2 runs, 4 hits, 0 errors, 1 left on base; Colorado Springs 0 - New Orleans 2
TOP OF THE 7TH
Colorado Springs Sky Sox batting - Pitching for New Orleans Baby Cakes : RHP Justin Dunn
Now at 1B: Mike Moustakas
Now in CF: Bradley Zimmer
Now in RF: Clint Frazier
Batting: LHB Esteban Quiroz 0-0: Ball
1-0: Ball
2-0: Ball
3-0: Called Strike
3-1: Swinging Strike
3-2: Strikes out swinging
Batting: RHB Andrew Vaughn 0-0: Fly out, F9 (Flyball, 9LD, EV 96.3 MPH)
Batting: RHB Tyrone Taylor 0-0: Swinging Strike
0-1: Swinging Strike
0-2: Ball
1-2: Strikes out swinging
Top of the 7th over - 0 runs, 0 hits, 0 errors, 0 left on base; Colorado Springs 0 - New Orleans 2
BOTTOM OF THE 7TH
New Orleans Baby Cakes batting - Pitching for Colorado Springs Sky Sox : LHP Hyun-jin Ryu
Batting: LHB Mike Moustakas 0-0: Foul Ball, location: 2F
0-1: Ball
1-1: Called Strike
1-2: Ground out 3-1 (Groundball, 34S, EV 78.8 MPH)
Batting: RHB Clint Frazier 0-0: Ground out 5-3 (Groundball, 5S, EV 85.6 MPH)
Batting: RHB Jorge Mateo 0-0: Ball
1-0: Ball
2-0: Ground out 1-3 (Groundball, 15, EV 70.0 MPH)
Bottom of the 7th over - 0 runs, 0 hits, 0 errors, 0 left on base; Colorado Springs 0 - New Orleans 2
TOP OF THE 8TH
Colorado Springs Sky Sox batting - Pitching for New Orleans Baby Cakes : RHP Justin Dunn
Batting: LHB Austin Allen 0-0: Ball
1-0: Called Strike
1-1: Ball
2-1: Swinging Strike
2-2: Ball
3-2: Fly out, F9 (Flyball, 9LM, EV 89.4 MPH)
Batting: RHB Sandro Fabian 0-0: Ground out U3 (Groundball, 34S, EV 86.3 MPH)
Batting: SHB Riley Unroe 0-0: Called Strike
0-1: Ground out 4-3 (Groundball, 4, EV 82.5 MPH)
Top of the 8th over - 0 runs, 0 hits, 0 errors, 0 left on base; Colorado Springs 0 - New Orleans 2
BOTTOM OF THE 8TH
New Orleans Baby Cakes batting - Pitching for Colorado Springs Sky Sox : LHP Hyun-jin Ryu
Batting: LHB Brady Whalen 0-0: Called Strike
0-1: Foul Ball, location: 2F
0-2: Strikes out swinging
Batting: RHB Josh Donaldson 0-0: Ball
1-0: Called Strike
1-1: Ball
2-1: Ball
3-1: Base on Balls
Batting: LHB Bradley Zimmer 0-0: Fly out, F9 (Flyball, 9D, EV 106.3 MPH)
Batting: RHB Nick Fortes 0-0: Called Strike
0-1: Fly out, F7 (Flyball, 7LM, EV 106.9 MPH)
Bottom of the 8th over - 0 runs, 0 hits, 0 errors, 1 left on base; Colorado Springs 0 - New Orleans 2
TOP OF THE 9TH
Colorado Springs Sky Sox batting - Pitching for New Orleans Baby Cakes : RHP Justin Dunn
Pitching: RHP Juan Nicasio
Batting: RHB Austin Nola 0-0: Ball
1-0: Foul Ball, location: 9LSF
1-1: Ball
2-1: DOUBLE (Line Drive, 78D, EV 103.8 MPH)
Batting: RHB Jakson Reetz 0-0: Called Strike
0-1: Ball
1-1: SINGLE (Line Drive, 7S, EV 87.5 MPH)
Austin Nola to third
Batting: SHB Roman Quinn 0-0: Called Strike
0-1: Foul Ball, location: 7LDF
0-2: Foul Ball, location: 2F
0-2: Foul Ball, location: 3SF
0-2: TRIPLE (Line Drive, 89XD, EV 101.9 MPH)
Austin Nola scores
Jakson Reetz scores
Batting: LHB Esteban Quiroz 0-0: Ball
1-0: Ball
2-0: Called Strike
2-1: SINGLE (Groundball, 4, EV 82.5 MPH)
Roman Quinn scores
Batting: RHB Andrew Vaughn 0-0: Ball
1-0: 2-RUN HOME RUN (Flyball, 8LXD, EV 112.5 MPH), Distance : 439 ft
Pitching: RHP Kaleb Ort
Batting: RHB Tyrone Taylor 0-0: Called Strike
0-1: Ball
1-1: Ball
2-1: Swinging Strike
2-2: Strikes out swinging
Batting: LHB Austin Allen 0-0: Called Strike
0-1: Swinging Strike
0-2: Foul Ball, location: 2F
0-2: Foul Ball, location: 2F
0-2: Ball
1-2: Foul Ball, location: 3FF
1-2: Ball
2-2: Fly out, F9 (Line Drive, 89M, EV 91.9 MPH)
Batting: RHB Sandro Fabian 0-0: Ball
1-0: Ball
2-0: Fly out, F9 (Flyball, 9, EV 98.8 MPH)
Top of the 9th over - 5 runs, 5 hits, 0 errors, 0 left on base; Colorado Springs 5 - New Orleans 2
BOTTOM OF THE 9TH
New Orleans Baby Cakes batting - Pitching for Colorado Springs Sky Sox : LHP Hyun-jin Ryu
Pitching: RHP Mychal Givens
Batting: LHB Harold Castro 0-0: Called Strike
0-1: Ball
1-1: Called Strike
1-2: SINGLE (Groundball, 34S, EV 66.9 MPH) (infield hit)
Batting: RHB Delvin Perez 0-0: Ball
1-0: Ball
2-0: Ball
3-0: Called Strike
3-1: Ground out 4-3 (Groundball, 34, EV 101.3 MPH)
Harold Castro to second
Batting: LHB Mike Moustakas 0-0: Ground out U3 (Groundball, 34, EV 83.8 MPH)
Harold Castro to third
Batting: RHB Clint Frazier 0-0: Called Strike
0-1: Foul Ball, location: 2F
0-2: Ball
1-2: Ball
2-2: Foul Ball, location: 2F
2-2: Strikes out looking
Bottom of the 9th over - 0 runs, 1 hit, 0 errors, 1 left on base; Colorado Springs 5 - New Orleans 2
Wednesday, March 20th , 2024 - OOTP Baseball 24.11 Build 85